 Dungeon Crawl Stone Soup version 0.16-a0-3187-geb38783 (webtiles) character file.

49 Chiseanne the Sneak (level 3, 0/16 HPs)
             Began as a Spriggan Enchanter on Dec 17, 2014.
             Hit by a stone thrown by a kobold (2 damage)
             ... on level 2 of the Dungeon.
             The game lasted 00:02:43 (1132 turns).

Chiseanne the Sneak (Spriggan Enchanter)            Turns: 1132, Time: 00:02:43

Health: 0/16       AC:  3    Str:  4    XL:     3   Next: 51%
Magic:  8/11       EV: 19    Int: 16    God:
Gold:   45         SH:  0    Dex: 17    Spells: 2 memorised, 5 levels left

rFire  . . .     SeeInvis +     a - +2 dagger (flame)
rCold  . . .     Clarity  .     b - +1 robe
rNeg   . . .     SustAb   .     (shield restricted)
rPois  .         Gourm    .     (helmet restricted)
rElec  .         Spirit   .     (no cloak)
rCorr  .         Warding  .     (gloves unavailable)
rMut   .         Stasis   .     (boots unavailable)
MR     .....                    (no amulet)
Stlth  +++.......               (no ring)
                                (no ring)

@: lethally poisoned, very quick, not resistant to hostile enchantments, fairly
stealthy
A: unfitting armour, see invisible, herbivore 3, speed 3, slow metabolism 2
a: no special abilities


You were on level 2 of the Dungeon.
You were not hungry.

You visited 1 branch of the dungeon, and saw 2 of its levels.

You collected 45 gold pieces.

Inventory:

Hand weapons
 a - a +2 dagger of flaming (weapon)
Missiles
 e - 2 curare-tipped needles
 f - 49 stones (quivered)
 i - 31 bolts
Armour
 b - a +1 robe (worn)
Scrolls
 h - 2 scrolls of fog
 j - a scroll of enchant weapon {unknown}
Books
 c - a book of Maledictions

   Spells                             Type                      Level
   a - Corona                         Hexes                        1
   b - Sure Blade                     Hexes/Charms                 2
   c - Ensorcelled Hibernation        Hexes/Ice                    2
   d - Confuse                        Hexes                        3
   e - Dazzling Spray                 Conjuration/Hexes            3
   f - Enslavement                    Hexes                        4
Comestibles
 d - a bread ration


   Skills:
 - Level 1.1 Short Blades
 * Level 3.6 Dodging
 * Level 5.3 Stealth
 * Level 3.1 Spellcasting
 * Level 4.4 Hexes


You had 5 spell levels left.
You knew the following spells:

 Your Spells              Type           Power        Failure   Level  Hunger
a - Corona                Hex            ###....      3%          1    #......
b - Ensorcelled Hibernat  Hex/Ice        #.....       12%         2    ##.....


Dungeon Overview and Level Annotations

Branches:
Dungeon (2/15)

Altars:


Innate Abilities, Weirdness & Mutations

You are tiny and cannot use many weapons and most armour.
You have supernaturally acute eyesight.
You are a herbivore.
You cover ground extremely quickly.
You need consume almost no food.


Message History

The stone hits you but does no damage.
You miss the adder.
The adder is severely wounded.
* * * LOW HITPOINT WARNING * * *
You feel sick. The adder misses you.
The kobold throws a stone.
The stone barely misses you.
You hit the adder but do no damage.
The adder is severely wounded.
* * * LOW HITPOINT WARNING * * *
You feel sick. The adder barely misses you.
The kobold throws a stone.
The stone misses you. The adder closely misses you.
You hit the adder. You burn the adder.
The adder is almost dead.
The kobold throws a stone.
The stone barely misses you. The adder completely misses you.
You hit the adder. You burn the adder.
You kill the adder!
* * * LOW HITPOINT WARNING * * *
You feel sick.
The kobold throws a stone.
The stone hits you.
You die...

....# ######.## .##.# #.#
# .##.## #.# .# .....#
##'## # .# # ###..#
##...## #. .#.# ###..#
##.....## #.####.#.#
..>..# ##.......##
........#
....####...†....(####....#
.......'........@†r......#
#...####.........####....#
##.## ##.......## ##.#.#
#### ##.....## ###.# #
##...## .# # #######'## #.
# #......K# # #.#####.#
....###.##


You could see a kobold and a rat.

Vanquished Creatures
  2 adders (D:2)
  A worm (D:2)
  A giant gecko (D:2)
  5 goblins (D:1)
  3 hobgoblins
  2 jackals (D:1)
  5 kobolds
  A bat (D:2)
  A giant newt (D:1)
  4 rats
25 creatures vanquished.

Notes
Turn   | Place    | Note
--------------------------------------------------------------
     0 | D:1      | Chiseanne, the Spriggan Enchanter, began the quest for the Orb.
     0 | D:1      | Reached XP level 1. HP: 9/9 MP: 4/4
   455 | D:1      | Reached XP level 2. HP: 13/13 MP: 5/7
   488 | D:1      | Learned a level 2 spell: Ensorcelled Hibernation
   937 | D:2      | Reached skill level 5 in Stealth
   939 | D:2      | Reached XP level 3. HP: 16/16 MP: 1/9
  1132 | D:2      | Hit by a stone thrown by a kobold

Action                   || total
-------------------------++-------
Melee: Dagger            ||    71
 Cast: Corona            ||     7
       Ensorcelled Hiber ||     8
  Use: Scroll            ||     4
       Potion            ||     1
 Stab: Sleeping          ||    11
